General information
			
			
        
        - name: BNet
 
        - type: Ladder team game (AT/RT)
 
        - host: Battle.net
 
        - saver: k4o
 
        
map: SunrockCove 
        - players: 6
 
        - length: 96:01
 
        - speed: Fast
 - version: 1.22 W3XP
 - replay type:  Public
 
» download(506 KB)
Players
        team 1 (winner) 
              
              
AmricanHistoryX (
blue | 20 APM | 1964 actions | 95:49)
              
 7 Goblin Alchemist 
 3 Chemical Rage
 3 Acid Bomb
 1 Transmute
 
                » actions 
                
                | Assign group hotkey | 9 |  | 
| Build / train | 53 |  | 
| ESC pressed | 8 |  | 
| Enter build submenu | 27 |  | 
| Enter hero's abilities submenu | 7 |  | 
| Give item / drop item | 4 |  | 
| Right click | 1187 |  | 
| Select / deselect | 525 |  | 
| Select group hotkey | 35 |  | 
| Use ability | 109 |  | 
                1964 total
 » units 
                » buildings
                
                | Altar of Elders | 1 |  | 
| Moon Well | 9 |  | 
| Hunter's Hall | 1 |  | 
| Ancient Protector | 5 |  | 
| Ancient of War | 2 |  | 
| Tree of Ages | 2 |  | 
                20 total
 » build order
                00:20 Altar of Elders
00:34 Moon Well
01:49 Hunter's Hall
01:56 Moon Well
02:20 Moon Well
03:54 Ancient Protector
04:05 Ancient Protector
04:47 Ancient Protector
04:53 Ancient Protector
05:15 Ancient Protector
07:48 Moon Well
10:17 Moon Well
10:20 Ancient of War
10:21 Ancient of War
10:24 Moon Well
11:05 Moon Well
12:13 Moon Well
13:06 Tree of Ages
13:06 Tree of Ages
13:08 Moon Well
» items
                
                | Scroll of Town Portal | 3 |  | 
| Orb of Lightning | 1 |  | 
| Potion of Lesser Invulnerability | 1 |  | 
| Potion of Invisibility | 2 |  | 
                7 total
  
               
              
              
High.Perch (
yellow | 70 APM | 6687 actions | 95:49)
              
 7 Archmage 
 3 Summon Water Elemental
 3 Brilliance Aura
 1 Mass Teleport
 6 Mountain King 
 3 Storm Bolt
 2 Bash
 1 Avatar
 6 Paladin 
 3 Holy Light
 3 Divine Shield
 
                » actions 
                
                | Assign group hotkey | 267 |  | 
| Basic commands | 164 |  | 
| Build / train | 250 |  | 
| ESC pressed | 23 |  | 
| Enter build submenu | 122 |  | 
| Enter hero's abilities submenu | 22 |  | 
| Give item / drop item | 11 |  | 
| Right click | 2462 |  | 
| Select / deselect | 1470 |  | 
| Select group hotkey | 1343 |  | 
| Use ability | 552 |  | 
                6687 total
 » units 
                
                | Peasant | 100 |  | 
| Footman | 17 |  | 
| Goblin Zeppelin | 1 |  | 
| Goblin Shredder | 4 |  | 
                122 total
 » upgrades
                » buildings
                
                | Altar of Kings | 3 |  | 
| Farm | 22 |  | 
| Barracks | 1 |  | 
| Scout Tower | 74 |  | 
| Arcane Tower | 2 |  | 
| Lumber Mill | 3 |  | 
| Town Hall | 4 |  | 
| Arcane Vault | 3 |  | 
| Guard Tower | 79 |  | 
| Keep | 3 |  | 
| Castle | 1 |  | 
| Blacksmith | 3 |  | 
| Gryphon Aviary | 6 |  | 
                204 total
 » build order
                00:04 Altar of Kings
00:20 Farm
00:22 Barracks
00:59 Farm
01:45 Farm
01:49 Scout Tower
02:20 Arcane Tower
02:20 Arcane Tower
02:35 Farm
03:08 Lumber Mill
03:35 Town Hall
04:50 Farm
06:05 Scout Tower
06:06 Scout Tower
06:26 Arcane Vault
06:52 Farm
06:57 Scout Tower
07:01 Scout Tower
07:14 Guard Tower
07:14 Guard Tower
07:16 Scout Tower
07:17 Guard Tower
07:17 Guard Tower
07:29 Guard Tower
07:31 Scout Tower
07:33 Scout Tower
07:47 Scout Tower
07:48 Guard Tower
07:49 Guard Tower
07:50 Scout Tower
07:54 Guard Tower
08:06 Guard Tower
08:09 Scout Tower
08:28 Guard Tower
08:28 Guard Tower
08:37 Guard Tower
08:38 Guard Tower
08:45 Scout Tower
08:49 Scout Tower
09:02 Guard Tower
09:04 Farm
09:10 Scout Tower
09:13 Scout Tower
09:19 Scout Tower
09:32 Scout Tower
09:34 Guard Tower
09:34 Guard Tower
09:35 Farm
09:37 Farm
09:41 Farm
09:58 Guard Tower
10:18 Scout Tower
10:25 Scout Tower
10:31 Guard Tower
10:45 Scout Tower
10:46 Scout Tower
10:51 Scout Tower
10:53 Guard Tower
10:55 Farm
13:16 Keep
13:18 Guard Tower
13:22 Scout Tower
14:27 Guard Tower
15:20 Altar of Kings
15:22 Farm
15:22 Farm
15:23 Farm
15:36 Farm
16:19 Castle
16:51 Farm
17:08 Blacksmith
17:13 Blacksmith
17:23 Town Hall
17:59 Lumber Mill
18:33 Gryphon Aviary
18:33 Gryphon Aviary
18:35 Gryphon Aviary
18:38 Gryphon Aviary
18:39 Gryphon Aviary
18:41 Gryphon Aviary
20:00 Arcane Vault
21:40 Farm
23:03 Town Hall
23:37 Lumber Mill
24:22 Scout Tower
24:24 Scout Tower
24:25 Scout Tower
24:52 Guard Tower
24:53 Guard Tower
24:57 Guard Tower
25:00 Scout Tower
25:06 Farm
25:09 Town Hall
25:39 Guard Tower
25:47 Scout Tower
26:37 Guard Tower
26:55 Scout Tower
26:56 Scout Tower
27:03 Scout Tower
27:23 Guard Tower
27:26 Scout Tower
27:28 Guard Tower
27:28 Guard Tower
27:28 Guard Tower
27:29 Guard Tower
27:30 Scout Tower
27:31 Guard Tower
27:31 Guard Tower
27:31 Guard Tower
27:31 Guard Tower
27:34 Scout Tower
28:02 Guard Tower
28:05 Scout Tower
28:07 Scout Tower
28:07 Guard Tower
28:10 Scout Tower
28:11 Scout Tower
28:14 Scout Tower
28:32 Scout Tower
28:38 Guard Tower
28:43 Scout Tower
28:44 Guard Tower
28:50 Scout Tower
28:55 Scout Tower
28:56 Guard Tower
29:02 Guard Tower
29:04 Farm
29:05 Keep
29:07 Farm
29:26 Guard Tower
29:34 Guard Tower
29:34 Guard Tower
29:35 Guard Tower
29:44 Farm
29:48 Farm
29:55 Altar of Kings
29:57 Arcane Vault
30:11 Blacksmith
31:16 Scout Tower
31:17 Scout Tower
31:18 Scout Tower
31:19 Scout Tower
31:20 Scout Tower
31:21 Scout Tower
31:22 Scout Tower
31:23 Scout Tower
31:55 Guard Tower
32:08 Scout Tower
32:08 Scout Tower
32:12 Scout Tower
32:19 Scout Tower
32:20 Scout Tower
32:21 Scout Tower
32:24 Guard Tower
32:48 Guard Tower
32:57 Guard Tower
33:24 Guard Tower
33:31 Scout Tower
33:45 Guard Tower
33:46 Guard Tower
33:46 Guard Tower
34:03 Guard Tower
34:03 Guard Tower
34:03 Guard Tower
34:15 Scout Tower
34:26 Scout Tower
34:46 Guard Tower
34:48 Guard Tower
34:48 Guard Tower
34:49 Guard Tower
34:54 Scout Tower
34:54 Guard Tower
34:55 Guard Tower
35:30 Guard Tower
35:46 Scout Tower
36:19 Guard Tower
36:19 Guard Tower
89:38 Scout Tower
89:38 Scout Tower
89:39 Scout Tower
89:40 Scout Tower
89:40 Scout Tower
89:42 Scout Tower
90:21 Guard Tower
90:46 Guard Tower
90:47 Guard Tower
90:47 Guard Tower
90:49 Scout Tower
90:50 Guard Tower
90:51 Guard Tower
90:52 Scout Tower
90:53 Scout Tower
90:55 Scout Tower
90:56 Scout Tower
91:58 Guard Tower
» items
                
                | Scroll of Town Portal | 3 |  | 
| Tiny Great Hall | 2 |  | 
| Lesser Clarity Potion | 2 |  | 
| Healing Salve | 1 |  | 
| Boots of Speed | 1 |  | 
                9 total
  
               
              
              
k4o (
orange | 52 APM | 4950 actions | 96:01)
              
 8 Blademaster 
 3 Wind Walk
 3 Critical Strike
 1 Bladestorm
 1 Mirror Image
 
                » actions 
                
                | Assign group hotkey | 146 |  | 
| Basic commands | 29 |  | 
| Build / train | 106 |  | 
| ESC pressed | 1 |  | 
| Enter build submenu | 40 |  | 
| Enter hero's abilities submenu | 8 |  | 
| Give item / drop item | 12 |  | 
| Remove unit from queue | 7 |  | 
| Right click | 3441 |  | 
| Select / deselect | 782 |  | 
| Select group hotkey | 76 |  | 
| Use ability | 302 |  | 
                4950 total
 » units 
                
                | Peon | 16 |  | 
| Troll Batrider | 30 |  | 
| Goblin Zeppelin | 2 |  | 
                48 total
 » upgrades
                
                | Liquid Fire | 1 |  | 
| Ranged Weapons | 2 |  | 
| Reinforced Defenses | 2 |  | 
                5 total
 » buildings
                
                | Altar of Storms | 2 |  | 
| Orc Burrow | 10 |  | 
| War Mill | 2 |  | 
| Voodoo Lounge | 2 |  | 
| Watch Tower | 12 |  | 
| Stronghold | 2 |  | 
| Fortress | 2 |  | 
| Beastiary | 5 |  | 
| Great Hall | 3 |  | 
                40 total
 » build order
                00:08 Altar of Storms
00:19 Orc Burrow
00:39 War Mill
01:07 Voodoo Lounge
01:41 Orc Burrow
03:23 Watch Tower
03:28 Watch Tower
04:30 Stronghold
04:37 Watch Tower
04:40 Watch Tower
04:44 Watch Tower
05:25 Stronghold
06:20 Watch Tower
06:54 Watch Tower
07:00 Orc Burrow
08:41 Fortress
08:46 Beastiary
08:49 Beastiary
10:35 Beastiary
10:39 Watch Tower
11:10 Beastiary
11:14 Orc Burrow
15:08 Watch Tower
17:43 Orc Burrow
22:02 Orc Burrow
22:44 War Mill
24:14 Great Hall
24:22 Watch Tower
26:48 Great Hall
27:38 Watch Tower
28:47 Orc Burrow
28:57 Altar of Storms
31:18 Stronghold
35:32 Beastiary
36:51 Orc Burrow
37:06 Voodoo Lounge
38:07 Great Hall
40:45 Orc Burrow
41:35 Orc Burrow
41:41 Watch Tower
60:36 Fortress
» items
                
                | Healing Salve | 3 |  | 
| Lesser Clarity Potion | 6 |  | 
| Staff of Teleportation | 7 |  | 
| Scroll of Speed | 1 |  | 
| Circlet of Nobility | 1 |  | 
| Boots of Speed | 1 |  | 
| Periapt of Vitality | 1 |  | 
| Potion of Healing | 2 |  | 
| Potion of Mana | 2 |  | 
| Potion of Lesser Invulnerability | 3 |  | 
| Orb of Lightning | 1 |  | 
| Mechanical Critter | 3 |  | 
| Scroll of Town Portal | 2 |  | 
                33 total
  
               team 2 (loser) 
              
              
Sonic5 (
green | 64 APM | 6098 actions | 95:48)
              
 5 Tauren Chieftain 
 3 Shockwave
 2 Endurance Aura
 5 Shadow Hunter 
 2 Healing Wave
 3 Hex
 
                » actions 
                
                | Assign group hotkey | 22 |  | 
| Basic commands | 75 |  | 
| Build / train | 159 |  | 
| Enter build submenu | 58 |  | 
| Enter hero's abilities submenu | 11 |  | 
| Give item / drop item | 9 |  | 
| Remove unit from queue | 4 |  | 
| Right click | 3139 |  | 
| Select / deselect | 2062 |  | 
| Select group hotkey | 160 |  | 
| Use ability | 398 |  | 
                6098 total
 » units 
                
                | Peon | 19 |  | 
| Grunt | 7 |  | 
| Demolisher | 9 |  | 
| Spirit Walker | 5 |  | 
| Tauren | 3 |  | 
| Goblin Sapper | 1 |  | 
| Goblin Zeppelin | 9 |  | 
| Troll Batrider | 42 |  | 
| Goblin Shredder | 2 |  | 
| Frost Wyrm | 7 |  | 
| Acolyte | 5 |  | 
| Wind Rider | 3 |  | 
                112 total
 » upgrades
                
                | Spirit Walker Training | 2 |  | 
| Burning Oil | 1 |  | 
| Ranged Weapons | 3 |  | 
| Armor | 0 |  | 
| Pulverize | 1 |  | 
| Liquid Fire | 1 |  | 
| Reinforced Defenses | 1 |  | 
| Banshee Training | 2 |  | 
| Envenomed Spears | 1 |  | 
| Ghoul Frenzy | 1 |  | 
                13 total
 » buildings
                
                | Altar of Storms | 2 |  | 
| Orc Burrow | 10 |  | 
| Barracks | 1 |  | 
| Voodoo Lounge | 2 |  | 
| Stronghold | 1 |  | 
| War Mill | 1 |  | 
| Spirit Lodge | 1 |  | 
| Fortress | 1 |  | 
| Watch Tower | 28 |  | 
| Tauren Totem | 2 |  | 
| Beastiary | 2 |  | 
| Great Hall | 4 |  | 
| Temple of the Damned | 1 |  | 
                56 total
 » build order
                00:11 Altar of Storms
00:19 Orc Burrow
00:37 Barracks
01:26 Orc Burrow
01:59 Voodoo Lounge
03:15 Stronghold
03:34 Orc Burrow
04:36 Orc Burrow
05:14 War Mill
06:23 Spirit Lodge
09:11 Fortress
09:59 Watch Tower
10:00 Watch Tower
10:00 Watch Tower
10:01 Watch Tower
12:15 Tauren Totem
12:16 Tauren Totem
12:20 Orc Burrow
14:47 Orc Burrow
19:18 Orc Burrow
19:22 Orc Burrow
37:40 Beastiary
37:43 Beastiary
43:07 Great Hall
43:09 Watch Tower
43:10 Watch Tower
43:12 Watch Tower
44:38 Watch Tower
44:38 Watch Tower
44:39 Watch Tower
45:09 Great Hall
45:12 Watch Tower
45:13 Watch Tower
45:16 Watch Tower
45:21 Watch Tower
52:06 Altar of Storms
54:31 Great Hall
57:08 Voodoo Lounge
60:05 Watch Tower
60:10 Watch Tower
60:15 Watch Tower
60:20 Watch Tower
60:23 Watch Tower
66:02 Great Hall
66:06 Watch Tower
66:06 Watch Tower
66:07 Watch Tower
67:08 Watch Tower
67:10 Watch Tower
67:12 Watch Tower
68:13 Orc Burrow
68:33 Watch Tower
68:34 Watch Tower
68:36 Watch Tower
73:45 Temple of the Damned
76:12 Orc Burrow
» items
                
                | Scroll of Town Portal | 2 |  | 
| Healing Salve | 1 |  | 
| Tiny Great Hall | 1 |  | 
| Boots of Speed | 2 |  | 
| Staff of Teleportation | 1 |  | 
| Lesser Clarity Potion | 3 |  | 
| Dust of Appearance | 2 |  | 
| Scroll of Speed | 1 |  | 
                13 total
  
               
              
              
tHeLaStDeMoN (
red | 82 APM | 3810 actions | 46:43)
              
 6 Naga Sea Witch 
 2 Frost Arrows
 3 Forked Lightning
 1 Tornado
 
                » actions 
                
                | Assign group hotkey | 16 |  | 
| Basic commands | 40 |  | 
| Build / train | 64 |  | 
| Enter build submenu | 26 |  | 
| Enter hero's abilities submenu | 8 |  | 
| Give item / drop item | 1 |  | 
| Right click | 1714 |  | 
| Select / deselect | 468 |  | 
| Select group hotkey | 1410 |  | 
| Use ability | 63 |  | 
                3810 total
 » units 
                
                | Acolyte | 9 |  | 
| Ghoul | 4 |  | 
| Crypt Fiend | 5 |  | 
| Frost Wyrm | 8 |  | 
| Goblin Zeppelin | 2 |  | 
| Meatwagon | 2 |  | 
                30 total
 » upgrades
                
                | Web | 1 |  | 
| Freezing Breath | 1 |  | 
| Creature Attack | 3 |  | 
| Creature Carapace | 3 |  | 
| Unholy Strength | 1 |  | 
| Disease Cloud | 1 |  | 
| Exhume Corpses | 1 |  | 
                11 total
 » buildings
                
                | Crypt | 2 |  | 
| Graveyard | 2 |  | 
| Altar of Darkness | 1 |  | 
| Ziggurat | 9 |  | 
| Nerubian Tower | 4 |  | 
| Halls of the Dead | 1 |  | 
| Black Citadel | 2 |  | 
| Sacrificial Pit | 1 |  | 
| Boneyard | 2 |  | 
| Necropolis | 1 |  | 
| Slaughterhouse | 3 |  | 
                28 total
 » build order
                00:07 Crypt
00:08 Graveyard
00:10 Crypt
00:12 Graveyard
00:34 Altar of Darkness
00:55 Ziggurat
01:48 Ziggurat
02:31 Nerubian Tower
02:31 Nerubian Tower
02:31 Nerubian Tower
05:05 Halls of the Dead
07:33 Black Citadel
07:34 Black Citadel
08:12 Sacrificial Pit
08:13 Ziggurat
08:14 Ziggurat
08:14 Ziggurat
09:55 Boneyard
09:57 Boneyard
11:22 Ziggurat
17:51 Ziggurat
17:52 Ziggurat
17:53 Ziggurat
32:11 Necropolis
41:18 Slaughterhouse
41:20 Slaughterhouse
41:22 Slaughterhouse
» items
                
                | Lesser Clarity Potion | 1 |  | 
| Healing Salve | 2 |  | 
| Orb of Lightning | 1 |  | 
| Dust of Appearance | 2 |  | 
| Scroll of Town Portal | 1 |  | 
| Scroll of Healing | 1 |  | 
                8 total
  
               
              
              
trunks5 (
pink | 44 APM | 4249 actions | 95:32)
              
 6 Demon Hunter 
 3 Mana Burn
 2 Evasion
 1 Metamorphosis
 6 Keeper of the Grove 
 2 Force of Nature
 3 Thorns Aura
 1 Entangling Roots
 
                » actions 
                
                | Assign group hotkey | 41 |  | 
| Basic commands | 34 |  | 
| Build / train | 161 |  | 
| Enter build submenu | 25 |  | 
| Enter hero's abilities submenu | 11 |  | 
| Give item / drop item | 8 |  | 
| Remove unit from queue | 15 |  | 
| Right click | 2109 |  | 
| Select / deselect | 1545 |  | 
| Select group hotkey | 110 |  | 
| Use ability | 189 |  | 
                4249 total
 » units 
                
                | Wisp | 23 |  | 
| Archer | 34 |  | 
| Glaive Thrower | 8 |  | 
| Mountain Giant | 13 |  | 
| Dryad | 6 |  | 
| Goblin Zeppelin | 10 |  | 
| Goblin Sapper | 5 |  | 
| Frost Wyrm | 5 |  | 
| Crypt Fiend | 1 |  | 
| Acolyte | 5 |  | 
                110 total
 » upgrades
                
                | Improved Bows | 1 |  | 
| Vorpal Blades | 1 |  | 
| Abolish Magic | 1 |  | 
| Strength of the Moon | 1 |  | 
| Strength of the Wild | 1 |  | 
| Reinforced Hides | 2 |  | 
| Moon Armor | 2 |  | 
                9 total
 » buildings
                
                | Altar of Elders | 2 |  | 
| Moon Well | 8 |  | 
| Ancient of War | 3 |  | 
| Ancient of Wonders | 2 |  | 
| Tree of Ages | 2 |  | 
| Hunter's Hall | 1 |  | 
| Ancient of Lore | 2 |  | 
| Tree of Life | 4 |  | 
                24 total
 » build order
                00:10 Altar of Elders
00:20 Moon Well
00:35 Ancient of War
01:30 Moon Well
01:55 Ancient of Wonders
02:56 Moon Well
03:33 Ancient of War
04:50 Tree of Ages
04:53 Ancient of War
04:58 Moon Well
06:43 Hunter's Hall
11:34 Moon Well
12:39 Moon Well
13:21 Ancient of Lore
13:25 Ancient of Lore
18:40 Tree of Life
18:44 Altar of Elders
19:53 Moon Well
23:16 Moon Well
25:43 Tree of Life
27:10 Tree of Life
35:39 Ancient of Wonders
36:19 Tree of Ages
57:01 Tree of Life
» items
                
                | Scroll of Town Portal | 4 |  | 
| Orb of Lightning | 1 |  | 
| Tome of Retraining | 1 |  | 
                6 total
  
                Chat log
          (00:08 / Allies) AmricanHistoryX: im on thje end fuck
(00:16 / Allies) High.Perch: awww
(00:42 / Allies) AmricanHistoryX: so i get dotts?
(00:44 / Allies) k4o: ya
(00:47 / Allies) k4o: same as last time
(02:25 / Allies) AmricanHistoryX: hmm fuck
(02:52 / Allies) k4o: sea witch?
(03:04 / Allies) High.Perch: omw
(03:16 / Allies) k4o: comming
(03:24 / Allies) High.Perch: this game over
(03:25 / Allies) High.Perch: :/
(05:08 / Allies) AmricanHistoryX: we migbht be ok
(05:38 / Allies) k4o: pumps wisps jack
(05:46 / Allies) AmricanHistoryX: moon well problem
(06:41 / Allies) k4o: better tower you main dan
(08:21 / Allies) High.Perch: lim
(08:22 / Allies) High.Perch: lum
(08:23 / Allies) High.Perch: lum
(08:24 / Allies) High.Perch: lum
(12:25 / Allies) High.Perch: tech chims
(12:26 / Allies) High.Perch: jack
(12:34 / Allies) AmricanHistoryX: on it
(12:41 / Allies) AmricanHistoryX: just geting lumber
(14:02 / Allies) High.Perch: can't hold out
(14:03 / Allies) High.Perch: any longer
(14:09 / Allies) AmricanHistoryX: its gg
(14:28 / Allies) AmricanHistoryX: ima get hunts to start then dotts ok?
(14:32 / Allies) High.Perch: whatev
(14:35 / Allies) AmricanHistoryX: so i canp retect myslef
(15:20 / Allies) k4o: salve me
(16:14 / Allies) High.Perch: baT?
(17:05 / Allies) High.Perch: gonna try a perch!
(17:10 / Allies) AmricanHistoryX: gl
(17:20 / Allies) k4o: take the bm with ouy
(19:17 / Allies) High.Perch: lum?
(19:37 / Allies) High.Perch: hawks building
(19:42 / Allies) High.Perch: got tiny hall?
(19:45 / Allies) k4o: nope!
(19:50 / Allies) High.Perch: k
(19:59 / Allies) AmricanHistoryX: mm i shoulda got it damn
(20:07 / Allies) AmricanHistoryX: :/
(20:08 / Allies) High.Perch: getting zep
(20:52 / Allies) k4o: lum me
(21:31 / Allies) High.Perch: damn
(21:32 / Allies) High.Perch: no hawks
(21:36 / Allies) High.Perch: got found
(21:39 / Allies) AmricanHistoryX: ya
(21:54 / Allies) High.Perch: hide a building so
(21:55 / Allies) High.Perch: we don't die
(24:03 / Allies) High.Perch: expo it
(24:03 / Allies) High.Perch: I
(24:05 / Allies) High.Perch: will tower
(24:15 / Allies) High.Perch: lumber leftover anyone?
(24:25 / Allies) k4o: not yeallr
(24:28 / Allies) High.Perch: dammit
(24:29 / Allies) k4o: crap
(24:29 / Allies) High.Perch: its over
(24:29 / Allies) AmricanHistoryX: thats gg
(24:30 / Allies) High.Perch: gg
(24:32 / Allies) High.Perch: gggggg
(24:36 / All) AmricanHistoryX: GG
(24:39 / All) High.Perch: GGGGGG
(24:41 / All) tHeLaStDeMoN: Gg
(24:44 / Allies) High.Perch: bring bats
(25:06 / Allies) AmricanHistoryX: this was my fault i fucked it sorry
(25:11 / Allies) High.Perch: sokay
(25:13 / Allies) High.Perch: hard to fight off
(25:14 / Allies) High.Perch: with nothing
(25:15 / Allies) AmricanHistoryX: :p
(26:10 / Allies) High.Perch: batts
(26:37 / Allies) k4o: lum
(26:40 / Allies) High.Perch: dammit
(26:48 / Allies) High.Perch: shoulda suicided
(26:49 / Allies) High.Perch: zep
(26:52 / Allies) High.Perch: not frostie with 1 hp
(27:04 / Allies) AmricanHistoryX: he wanted to make sure its dead
(27:06 / Allies) k4o: sorry, was trying to get the bm away
(27:09 / Allies) High.Perch: sokay
(27:38 / Allies) AmricanHistoryX: thius game was good practicfe i guess
(27:44 / Allies) AmricanHistoryX: nice
(27:53 / Allies) High.Perch: erik
(27:54 / Allies) High.Perch: bat zep
(27:55 / Allies) AmricanHistoryX: hes coming vbaak
(28:16 / Allies) High.Perch: bat
(28:51 / Allies) High.Perch: wow
(28:53 / Allies) High.Perch: we're alive
(28:56 / Allies) AmricanHistoryX: ya
(28:57 / Allies) AmricanHistoryX: for now
(29:00 / Allies) k4o: shocking
(29:00 / Allies) High.Perch: haha
(29:01 / Allies) High.Perch: yeah
(29:08 / Allies) k4o: 420 gold
(29:12 / Allies) AmricanHistoryX: if i get level 6 and u get three lvl 6's
(29:15 / Allies) AmricanHistoryX: we might win
(29:16 / Allies) AmricanHistoryX: :D
(29:17 / Allies) k4o: kick back anfd smoookke weeed
(29:20 / Allies) High.Perch: haha
(29:21 / Allies) High.Perch: I
(29:24 / Allies) High.Perch: am out of gold
(29:32 / Allies) High.Perch: but I have ghetto expo
(29:44 / Allies) AmricanHistoryX: y is it ghetto?
(29:50 / Allies) High.Perch: its on the mainland
(29:51 / Allies) High.Perch: the ghetto
(29:58 / Allies) AmricanHistoryX: thats what ghetto means?
(30:02 / Allies) High.Perch: now it is
(30:07 / Allies) AmricanHistoryX: aaaaaaaaaaaaaaah
(30:08 / Allies) AmricanHistoryX: i c
(30:12 / Allies) k4o: lum me
(30:16 / Allies) k4o: for mainland expo
(30:22 / Allies) High.Perch: salli god
(30:28 / Allies) High.Perch: you got a bm alive?
(30:29 / Allies) AmricanHistoryX: HEYU HEY HEY IF GOD MADE EARTH INTO A JACKET AND EVERYNE LIVED IN IT WHERE WOULD THE BLACK PEOPLE LIVE?
(30:34 / All) AmricanHistoryX: IN THE HOOD
(30:41 / Allies) High.Perch: hahaha
(30:44 / Allies) High.Perch: its better this way
(31:05 / Allies) AmricanHistoryX: y is he still pumping mgs
(31:11 / Allies) High.Perch: they gonna drop
(31:12 / Allies) High.Perch: the isle
(31:14 / Allies) AmricanHistoryX: mmm
(31:15 / Allies) AmricanHistoryX: damnm
(31:33 / Allies) AmricanHistoryX: so we gotta bat them before they do?
(31:43 / Allies) AmricanHistoryX: there out of gold
(31:45 / Allies) High.Perch: got  abat?
(31:47 / Allies) High.Perch: they coming
(32:03 / Allies) High.Perch: there mebbe
(32:35 / Allies) High.Perch: goto mainland
(32:38 / Allies) High.Perch: ?
(32:39 / Allies) High.Perch: and harass?
(32:43 / Allies) k4o: k
(32:45 / Allies) High.Perch: oop there goes my expo
(32:51 / Allies) AmricanHistoryX: whne here yown there
(32:54 / Allies) AmricanHistoryX: can u get me a staff
(33:36 / Allies) High.Perch: lum?
(33:40 / Allies) k4o: got none
(33:43 / Allies) High.Perch: k
(33:52 / Allies) High.Perch: get bats?
(34:00 / Allies) AmricanHistoryX: get the hero?
(34:05 / Allies) k4o: can't
(34:09 / Allies) High.Perch: not gonna due
(34:10 / Allies) High.Perch: die
(34:11 / Allies) High.Perch: its 5
(34:19 / Allies) k4o: sh behind him
(34:25 / Allies) AmricanHistoryX: mm
(34:36 / Allies) High.Perch: bet they got the other two isles anyway
(34:40 / Allies) High.Perch: we're just killing time
(34:44 / Allies) High.Perch: then again man we've held out a long time
(34:53 / Allies) AmricanHistoryX: ya
(34:58 / Allies) AmricanHistoryX: seriously
(35:00 / Allies) AmricanHistoryX: we shoulda lost
(35:20 / Allies) High.Perch: dying slowly is the only thing I'm good at :D
(35:28 / Allies) AmricanHistoryX: hahaa
(35:51 / Allies) High.Perch: just squandering the last of my gold
(35:52 / Allies) High.Perch: on towers
(36:03 / Allies) k4o: holy light me
(36:05 / Allies) High.Perch: hmmm what can I do with that
(36:16 / Allies) High.Perch: BA lvl 2 for you too erik!
(36:36 / Allies) AmricanHistoryX: i wish we played these guys on highperch
(36:44 / Allies) High.Perch: ya, we would've won!
(36:48 / Allies) AmricanHistoryX: ya
(36:48 / Allies) High.Perch: getting bats?
(36:55 / Allies) High.Perch: take the money back
(36:57 / Allies) High.Perch: for bats
(36:58 / Allies) k4o: need lumber
(37:12 / Allies) k4o: get our bats back
(37:49 / Allies) High.Perch: expo that?
(37:54 / Allies) k4o: k
(38:05 / Allies) AmricanHistoryX: guys fyi theres a george lopez marathon on..just thoughtu  should know
(38:30 / Allies) High.Perch: hide that peon better
(38:31 / Allies) High.Perch: ?
(38:40 / Allies) k4o: frog there too
(38:44 / Allies) High.Perch: k
(38:54 / Allies) High.Perch: expoing that
(38:57 / Allies) k4o: k
(39:07 / Allies) k4o: need help kreeping?
(39:12 / Allies) High.Perch: and praying my heroes don't get found in transit
(39:15 / Allies) High.Perch: naw, I got it
(39:18 / Allies) High.Perch: keep harassing
(39:19 / Allies) k4o: they gonna attack soon
(39:24 / Allies) High.Perch: okay
(39:25 / Allies) High.Perch: will wait
(39:27 / Allies) High.Perch: where are they?
(39:34 / Allies) k4o: saw tem loading up like five zep
(39:37 / Allies) High.Perch: oh
(39:38 / Allies) High.Perch: man
(39:40 / Allies) High.Perch: got bats ready?
(39:45 / Allies) AmricanHistoryX: 4 zep
(39:46 / Allies) AmricanHistoryX: 5
(40:00 / Allies) High.Perch: morrrrre baaaaaaaaats
(40:26 / Allies) High.Perch: prolly empty
(40:31 / Allies) AmricanHistoryX: ya
(40:36 / Allies) AmricanHistoryX: i woulda fell for it
(40:40 / Allies) High.Perch: hahaha
(41:10 / Allies) High.Perch: dont' waste bats on frosties
(41:13 / Allies) High.Perch: not gonna kill em
(41:15 / Allies) k4o: pink zeps might have mountain kings
(41:18 / Allies) High.Perch: ya
(41:20 / Allies) High.Perch: but its on land
(41:21 / Allies) High.Perch: right now
(41:34 / Allies) High.Perch: wait
(41:35 / Allies) High.Perch: they have no hu
(41:36 / Allies) High.Perch: what
(41:39 / Allies) High.Perch: giants
(41:40 / Allies) High.Perch: oh
(41:41 / Allies) High.Perch: ig ot ya
(41:42 / Allies) High.Perch: i got ya
(41:45 / Allies) k4o: :P
(42:02 / Allies) k4o: keep bats belind towerline
(42:04 / Allies) High.Perch: tornado mebbe
(42:32 / Allies) High.Perch: huh
(42:33 / Allies) High.Perch: counter bats
(42:34 / Allies) AmricanHistoryX: dude this is so tensseee
(42:44 / Allies) High.Perch: jack micro towers
(42:48 / Allies) High.Perch: try to get zeps first
(42:49 / Allies) AmricanHistoryX: righto
(42:53 / Allies) High.Perch: then focus frosties second
(42:58 / Allies) AmricanHistoryX: yes sitr
(43:04 / Allies) AmricanHistoryX: salute*
(43:11 / Allies) High.Perch: mas bats
(43:20 / All) AmricanHistoryX: its like the second cold war
(43:25 / Allies) High.Perch: cold war
(43:27 / Allies) High.Perch: more like it
(43:36 / Allies) High.Perch: THE FIRST IS STILL GOING ON
(43:44 / Allies) AmricanHistoryX: what u mean
(43:57 / Allies) High.Perch: I mean fight never ended
(44:00 / Allies) High.Perch: wow
(44:01 / Allies) AmricanHistoryX: it didnt?
(44:05 / Allies) High.Perch: hahahaha
(44:09 / Allies) High.Perch: in this game
(44:12 / Allies) High.Perch: not irl
(44:12 / All) AmricanHistoryX: ooo
(44:14 / Allies) AmricanHistoryX: haha
(44:15 / Allies) High.Perch: nevermind
(44:17 / Allies) AmricanHistoryX: im reatarded
(44:20 / Allies) AmricanHistoryX: hahaha
(44:26 / Allies) AmricanHistoryX: :p
(44:40 / Allies) High.Perch: check what they up to
(44:45 / Allies) High.Perch: maybe I creep other isle and expo
(44:50 / Allies) AmricanHistoryX: there jjust geting 100 food of frosts
(44:53 / Allies) High.Perch: if they aren't here
(44:59 / Allies) k4o: head over there
(45:04 / Allies) k4o: i'll knife to you
(45:05 / All) AmricanHistoryX: i
(45:07 / Allies) High.Perch: check here first
(45:08 / Allies) High.Perch: though
(45:11 / Allies) AmricanHistoryX: ill old down the fort
(45:12 / Allies) High.Perch: I want to make sure no bats
(45:46 / Allies) AmricanHistoryX: damn
(45:54 / Allies) k4o: think green
(46:00 / Allies) k4o: just crept this
(46:04 / Allies) High.Perch: damn
(46:12 / Allies) High.Perch: well can't leave now frosts are sieging
(46:38 / Allies) k4o: d
(46:38 / Allies) k4o: d
(46:43 / All) k4o: dee
(46:55 / Allies) High.Perch: more bats erik
(46:58 / Allies) AmricanHistoryX: when i play with my sister we dont drop..she said its something about integrity
(47:07 / Allies) High.Perch: not in a case like this
(47:12 / Allies) High.Perch: we need every cheap shot we can get
(47:13 / Allies) High.Perch: to win
(47:13 / Allies) AmricanHistoryX: mm i see
(47:15 / Allies) AmricanHistoryX: lol
(47:18 / Allies) High.Perch: we are so behind on gold
(47:20 / Allies) High.Perch: its not even funny
(47:26 / Allies) High.Perch: like 100-200k behind
(47:27 / Allies) High.Perch: that bad
(47:29 / Allies) AmricanHistoryX: ya
(47:41 / Allies) AmricanHistoryX: if u downlaod tiehack and one more drops WE TIE
(47:47 / Allies) High.Perch: hmph
(47:51 / Allies) High.Perch: tie hack is for sore losers
(48:00 / Allies) AmricanHistoryX: ya
(48:10 / Allies) High.Perch: kill undead stuff he's afk
(48:12 / All) AmricanHistoryX: ello luvb
(48:14 / Allies) High.Perch: his expo
(48:17 / Allies) High.Perch: care they're revealing
(48:18 / Allies) High.Perch: maybe coming
(48:22 / Allies) High.Perch: more bats
(48:58 / Allies) High.Perch: ?
(49:02 / Allies) k4o: ded
(49:05 / Allies) High.Perch: k
(49:14 / Allies) AmricanHistoryX: more bats?.
(49:21 / Allies) High.Perch: go near shop and spend 100 to reveal isles
(49:25 / Allies) High.Perch: ya go to 50 food
(49:45 / Allies) High.Perch: ig ot it
(49:50 / Allies) High.Perch: only that one
(50:22 / Allies) High.Perch: who did that?
(50:25 / Allies) AmricanHistoryX: not i
(50:25 / Allies) High.Perch: it wasn't over water
(50:27 / Allies) High.Perch: o
(50:29 / Allies) High.Perch: oh well
(50:31 / Allies) AmricanHistoryX: u?
(50:34 / Allies) k4o: me, wanted to see if they were empty
(50:36 / Allies) High.Perch: k
(50:39 / Allies) High.Perch: cool
(50:40 / Allies) High.Perch: mas bats
(50:41 / Allies) AmricanHistoryX: it was hilarious
(50:48 / Allies) k4o: ulm
(50:50 / Allies) AmricanHistoryX: bats lol
(51:53 / Allies) AmricanHistoryX: well
(51:55 / Allies) k4o: let's roll on em
(51:55 / Allies) AmricanHistoryX: that was nar nar
(51:59 / Allies) High.Perch: more bats
(52:11 / Allies) AmricanHistoryX: we need staffs
(52:21 / Allies) High.Perch: I need to expo that last mine
(52:24 / Allies) High.Perch: care
(52:25 / Allies) High.Perch: care
(52:28 / Allies) High.Perch: only zep
(52:38 / Allies) High.Perch: they
(52:43 / Allies) High.Perch: kill critter?
(53:02 / Allies) High.Perch: ima gonna get to that bottom exp
(53:03 / Allies) High.Perch: and get it
(53:11 / Allies) k4o: got staff for jack
(53:15 / Allies) AmricanHistoryX: ty :p
(53:29 / Allies) AmricanHistoryX: i gotta find num lock
(53:30 / Allies) High.Perch: erik scout ahead for me
(53:32 / Allies) AmricanHistoryX: for tp
(53:34 / Allies) High.Perch: and give 600 for hall
(53:41 / Allies) High.Perch: AAAAAAAAAAAAA
(53:45 / Allies) High.Perch: bats there
(53:57 / Allies) AmricanHistoryX: wtf
(53:59 / Allies) High.Perch: yesssssssssssss
(54:04 / All) AmricanHistoryX: epic fail
(54:17 / Allies) AmricanHistoryX: this map is bomb
(54:19 / Allies) k4o: I'll head to the bot expo
(54:26 / Allies) High.Perch: ima find safe route..
(54:35 / Allies) k4o: not it
(54:51 / Allies) AmricanHistoryX: y take empty zep?
(55:01 / Allies) High.Perch: s
(55:03 / Allies) High.Perch: scout
(55:16 / Allies) High.Perch: oh
(55:17 / Allies) High.Perch: my
(55:18 / Allies) High.Perch: god
(55:19 / Allies) High.Perch: if we win this
(55:24 / Allies) AmricanHistoryX: i know
(55:29 / Allies) AmricanHistoryX: if i get lvl 6
(55:31 / Allies) AmricanHistoryX: thad be awesome
(55:37 / Allies) k4o: could take this with bats
(55:45 / Allies) High.Perch: taking the empty one first
(55:47 / Allies) AmricanHistoryX: do i staff there?
(55:57 / Allies) High.Perch: stay here
(56:00 / Allies) High.Perch: micro bat towers etc
(56:03 / Allies) High.Perch: in case
(56:04 / Allies) High.Perch: k
(56:23 / Allies) k4o: staff?
(56:24 / Allies) High.Perch: omw
(56:44 / Allies) High.Perch: what they fuck
(56:48 / Allies) AmricanHistoryX: wtf was that
(56:53 / Allies) High.Perch: they were all there
(56:57 / Allies) High.Perch: all their heroes
(56:58 / Allies) AmricanHistoryX: wtf
(56:59 / Allies) High.Perch: for no reason...
(57:11 / Allies) High.Perch: no staff sorry erik
(57:12 / Allies) k4o: once again, you can port to me any time
(57:14 / Allies) AmricanHistoryX: mayb they turned on mh
(57:25 / Allies) k4o: what did you say so?
(57:52 / Allies) High.Perch: if you can put tiny hall
(57:53 / Allies) High.Perch: I can port
(57:55 / Allies) High.Perch: but what a waste...
(57:59 / Allies) High.Perch: maybe worth it
(58:00 / Allies) High.Perch: though
(58:02 / Allies) High.Perch: I think it would be
(58:04 / Allies) High.Perch: jack
(58:06 / Allies) High.Perch: you get tiny hall
(58:08 / Allies) High.Perch: and staff to him
(58:14 / Allies) k4o: i'd need to upgrade
(58:15 / Allies) AmricanHistoryX: we need tech
(58:17 / Allies) AmricanHistoryX: thats alota gold
(58:19 / Allies) High.Perch: oh
(58:19 / Allies) AmricanHistoryX: just to do it
(58:21 / Allies) High.Perch: will we have
(58:23 / Allies) High.Perch: enough lum
(58:24 / Allies) High.Perch: yes
(58:27 / Allies) High.Perch: jack can uproot
(58:29 / Allies) High.Perch: it'll work
(58:32 / Allies) High.Perch: go ahead and tech
(58:32 / Allies) AmricanHistoryX: k
(58:37 / Allies) k4o: one sec, I almost got us staffs
(58:46 / Allies) High.Perch: mkay
(58:48 / Allies) High.Perch: that works too
(59:09 / Allies) AmricanHistoryX: rofl
(59:17 / Allies) AmricanHistoryX: this is geting pathetic now
(59:26 / Allies) High.Perch: ?
(59:33 / Allies) k4o: staffs
(59:34 / Allies) AmricanHistoryX: suicided
(59:50 / Allies) High.Perch: I will need tiny hall first
(59:53 / Allies) High.Perch: and one staff for am
(59:57 / Allies) AmricanHistoryX: i bet they were in high upkeep
(60:00 / Allies) AmricanHistoryX: and have 0 gold now
(60:00 / Allies) High.Perch: yeah
(60:12 / Allies) k4o: gonna need
(60:16 / Allies) k4o: lum 
(60:31 / Allies) k4o: for tiny town hall upgrade
(61:00 / Allies) AmricanHistoryX: so m i geting tiny great hall
(61:11 / Allies) AmricanHistoryX: reapair towers?
(61:16 / Allies) High.Perch: no need lum
(61:17 / Allies) High.Perch: for tiny hall
(61:20 / Allies) AmricanHistoryX: mm
(61:32 / Allies) AmricanHistoryX: this is about to get epic
(61:32 / Allies) k4o: it costs a shit load of lum
(61:41 / Allies) High.Perch: i
(62:03 / Allies) AmricanHistoryX: rofl
(62:16 / All) High.Perch: gg
(62:42 / Allies) AmricanHistoryX: hahaha
(62:47 / Allies) k4o: got bs
(62:54 / Allies) High.Perch: 4 towers down
(62:56 / Allies) High.Perch: anything else
(62:57 / Allies) k4o: and it's gonna be a long time before they try that again
(63:01 / Allies) AmricanHistoryX: all the bats
(63:04 / Allies) High.Perch: ya
(63:06 / Allies) High.Perch: got some still
(63:07 / Allies) High.Perch: actually
(63:12 / Allies) High.Perch: getting hall
(63:16 / Allies) High.Perch: someone hand off port knife
(63:19 / Allies) AmricanHistoryX: who gets it
(63:21 / Allies) AmricanHistoryX: me or u
(63:24 / Allies) AmricanHistoryX: i can up root
(63:32 / Allies) High.Perch: doesn't matter 
(63:35 / Allies) k4o: getting another port knife
(63:36 / Allies) High.Perch: we have enough port knifes know
(63:39 / Allies) AmricanHistoryX: but
(63:43 / Allies) AmricanHistoryX: if i up
(63:45 / Allies) AmricanHistoryX: then its less gold
(63:46 / Allies) High.Perch: erik go to the isle
(63:47 / Allies) AmricanHistoryX: aint it
(63:51 / Allies) High.Perch: it doesn't matter 
(63:53 / Allies) High.Perch: same cost
(63:53 / Allies) AmricanHistoryX: okay
(63:55 / Allies) High.Perch: we will staff
(63:57 / Allies) High.Perch: creep
(63:58 / Allies) High.Perch: then
(64:00 / Allies) High.Perch: put it down
(64:05 / Allies) AmricanHistoryX: ooo kk
(64:25 / Allies) High.Perch: oh wait
(64:27 / Allies) High.Perch: better idea
(64:31 / Allies) High.Perch: brb
(64:34 / Allies) AmricanHistoryX: mass tp
(64:41 / Allies) AmricanHistoryX: whers my staff?
(64:51 / Allies) AmricanHistoryX: whoa magic trick
(64:51 / Allies) High.Perch: forgot I was six!
(65:24 / Allies) AmricanHistoryX: mh much
(65:33 / Allies) High.Perch: yeah
(65:36 / Allies) High.Perch: that's dumb as all hell
(65:56 / Allies) High.Perch: oh well just keep on harassing them erik I guess
(65:58 / Allies) AmricanHistoryX: see if there mines are out
(66:13 / Allies) High.Perch: we got no lumber atm though
(66:15 / Allies) High.Perch: that sucks
(66:25 / Allies) High.Perch: want
(66:26 / Allies) High.Perch: claws
(66:27 / Allies) High.Perch: erik?
(66:30 / Allies) k4o: sure
(66:48 / Allies) k4o: we should check the ilse again
(66:53 / Allies) High.Perch: yeah
(66:57 / Allies) k4o: out heros can probably take theirs in a fight
(66:59 / Allies) High.Perch: I need someone to mass tp to
(67:04 / Allies) High.Perch: yeah not with armies though
(67:31 / Allies) High.Perch: wtf
(67:31 / Allies) AmricanHistoryX: im close to transmute
(67:36 / Allies) High.Perch: nice
(67:46 / Allies) High.Perch: it will see our zep
(67:47 / Allies) High.Perch: I guess
(67:50 / Allies) High.Perch: as we go to isle
(67:57 / Allies) High.Perch: dunno why else they'd waste gold like that
(68:07 / Allies) k4o: mass tp to me
(68:14 / Allies) High.Perch: k
(68:18 / Allies) High.Perch: check for heroes first
(68:25 / Allies) High.Perch: dammot
(68:26 / Allies) High.Perch: it
(68:56 / Allies) AmricanHistoryX: dark orb
(68:59 / Allies) AmricanHistoryX: lcuky
(69:00 / Allies) High.Perch: ya
(69:11 / Allies) High.Perch: man
(69:14 / Allies) High.Perch: they are ridiculous
(69:17 / Allies) High.Perch: check all ground expos?
(69:21 / Allies) k4o: k
(69:23 / Allies) High.Perch: and just harass for xp
(69:25 / Allies) High.Perch: I guess
(69:29 / Allies) High.Perch: you can use my zep
(69:30 / Allies) k4o: we can probably take them
(69:30 / Allies) High.Perch: to get down
(69:32 / Allies) High.Perch: if you want
(69:36 / Allies) High.Perch: not with towers
(69:37 / Allies) High.Perch: and armies
(69:43 / Allies) k4o: what armies?
(69:47 / Allies) k4o: have you seen any?
(69:52 / Allies) High.Perch: they still have all bases
(69:56 / Allies) k4o: so?
(69:57 / Allies) AmricanHistoryX: ill transmute that shit
(69:58 / Allies) AmricanHistoryX: ;p
(69:59 / Allies) High.Perch: and there are fiends right here
(70:09 / Allies) AmricanHistoryX: kill those hit and run?
(70:18 / Allies) High.Perch: I'm not saying we shouldn't harass
(70:21 / Allies) High.Perch: I'm just saying be safe
(70:27 / Allies) High.Perch: especially you jack
(70:30 / Allies) High.Perch: no way to get alch back
(70:35 / Allies) AmricanHistoryX: ya
(70:35 / Allies) k4o: well, we gotta stop them from getting more gold and bigger armies
(70:40 / Allies) High.Perch: ya
(70:43 / Allies) High.Perch: I'm all for it
(70:45 / Allies) High.Perch: I just said that
(70:47 / Allies) High.Perch: just 
(70:54 / Allies) High.Perch: we should play it safe is all
(71:04 / Allies) High.Perch: when they port in I'm porting out on the assumption they built armies
(71:07 / All) AmricanHistoryX: so u guys see the bcs game
(71:12 / Allies) k4o: part of it
(71:32 / All) AmricanHistoryX: florida won..it was a good game..defenscive game
(71:34 / Allies) High.Perch: they revealing us
(71:40 / Allies) High.Perch: free fiend
(71:42 / Allies) High.Perch: here I guess
(72:13 / Allies) High.Perch: b
(72:14 / Allies) High.Perch: b
(72:14 / Allies) High.Perch: b
(72:15 / Allies) High.Perch: b
(72:42 / Allies) High.Perch: they waste a lot of money on reveal and upkeep at least I guess
(72:58 / Allies) AmricanHistoryX: ya
(73:18 / Allies) AmricanHistoryX: in the end its gonna be a highperch game
(73:21 / Allies) AmricanHistoryX: hopefully
(73:29 / Allies) High.Perch: with them having thiiiiiiiiiiiis much gold :/
(73:29 / Allies) AmricanHistoryX: how can we get wood
(73:33 / Allies) High.Perch: can't 
(73:40 / Allies) High.Perch: we could manny mine the mainland
(73:46 / Allies) High.Perch: but I bet they find the peasants
(73:47 / Allies) High.Perch: right away
(73:50 / Allies) AmricanHistoryX: ya
(73:51 / Allies) AmricanHistoryX: mh
(73:52 / Allies) High.Perch: care
(73:53 / Allies) High.Perch: care
(74:03 / Allies) High.Perch: hmph
(74:03 / Allies) AmricanHistoryX: wow
(74:07 / Allies) AmricanHistoryX: look at that reach
(74:30 / Allies) High.Perch: gonna deny it last second
(74:34 / Allies) AmricanHistoryX: llol
(74:45 / Allies) High.Perch: unless he gets too interested in WE....
(74:51 / Allies) AmricanHistoryX: he is
(74:55 / Allies) High.Perch: funny thing is it will run out
(74:57 / Allies) High.Perch: before he kills it
(75:07 / Allies) AmricanHistoryX: hahahaha
(75:13 / Allies) AmricanHistoryX: free archer
(75:14 / Allies) High.Perch: hahah
(75:23 / Allies) AmricanHistoryX: necs?
(75:30 / Allies) High.Perch: must be leftover?
(75:32 / Allies) High.Perch: or what?
(75:34 / Allies) AmricanHistoryX: ahah and u got aura
(75:40 / Allies) High.Perch: ?
(75:41 / Allies) High.Perch: aura?
(75:46 / Allies) AmricanHistoryX: for magic
(75:51 / Allies) High.Perch: brilliance
(75:52 / Allies) AmricanHistoryX: so u can just keep making those eles
(75:56 / Allies) High.Perch: oh ya
(75:58 / Allies) High.Perch: man
(76:02 / Allies) High.Perch: when/if you get six
(76:04 / Allies) High.Perch: this is over
(76:08 / Allies) AmricanHistoryX: ya
(76:10 / Allies) High.Perch: constant transmutes
(76:21 / Allies) High.Perch: that's like 2 regen a second
(76:33 / Allies) k4o: need to tank up on mana
(76:36 / Allies) High.Perch: k
(76:39 / Allies) High.Perch: gotcha covered!
(76:45 / Allies) k4o: we should get out there
(76:47 / Allies) High.Perch: that still going?
(76:51 / Allies) High.Perch: or that?
(76:52 / Allies) k4o: no armys that I can see
(76:57 / Allies) High.Perch: they revealing again
(76:59 / Allies) High.Perch: ya of course
(77:14 / Allies) High.Perch: the hell they up to
(77:27 / Allies) k4o: think they just trying to keep us on this island
(77:36 / Allies) AmricanHistoryX: its like lost
(77:40 / Allies) High.Perch: well if they keep wasting reveals on us
(77:42 / Allies) High.Perch: I'm happy
(77:44 / Allies) AmricanHistoryX: but with mythical creatures
(77:48 / Allies) k4o: gonna keep bstorming they buildings
(77:55 / Allies) High.Perch: sounds good
(78:11 / Allies) High.Perch: hmph
(78:32 / Allies) AmricanHistoryX: we should play a game
(78:36 / Allies) High.Perch: like?
(78:43 / Allies) AmricanHistoryX: uhh like i spy
(78:47 / Allies) AmricanHistoryX: only on the island
(78:52 / Allies) High.Perch: I spy a lot of gold that isn't ours : (
(78:58 / Allies) AmricanHistoryX: :/
(79:07 / Allies) High.Perch: I spy a little goblin on top of a big goblin GO GOBLIN GO
(79:07 / All) AmricanHistoryX: soooo hows it going
(79:15 / Allies) AmricanHistoryX: lame
(79:39 / Allies) k4o: killl?
(81:43 / Allies) High.Perch: dh
(81:44 / Allies) High.Perch: go
(82:30 / Allies) High.Perch: god
(82:30 / Allies) High.Perch: and
(82:34 / Allies) High.Perch: they still god 20k
(82:35 / Allies) High.Perch: prolly
(82:36 / Allies) AmricanHistoryX: well
(82:39 / Allies) AmricanHistoryX: i got 1k gold
(82:40 / Allies) High.Perch: get their
(82:41 / Allies) k4o: let's go kill
(82:42 / Allies) AmricanHistoryX: off transmute
(82:42 / Allies) High.Perch: isle 
(82:43 / Allies) High.Perch: now
(82:45 / Allies) High.Perch: gogoogogog
(82:55 / Allies) High.Perch: erik get there I will mass tp
(83:03 / Allies) High.Perch: that one has more
(83:07 / Allies) High.Perch: care
(83:13 / Allies) k4o: kill that?
(83:18 / Allies) High.Perch: mm
(83:18 / Allies) High.Perch: k
(83:22 / Allies) AmricanHistoryX: transmute is fun
(83:22 / Allies) High.Perch: wait
(83:23 / Allies) High.Perch: b uo
(83:24 / Allies) High.Perch: up
(83:27 / Allies) High.Perch: so I can get to you
(83:38 / Allies) AmricanHistoryX: do i tp to u
(83:39 / Allies) High.Perch: jack
(83:39 / Allies) AmricanHistoryX: ?
(83:40 / Allies) High.Perch: coming?>
(83:43 / Allies) High.Perch: gogo
(83:51 / All) AmricanHistoryX: WERE THE RENEGADES OF FUNK
(83:54 / Allies) High.Perch: sh
(84:14 / Allies) High.Perch: acid bomb cows
(84:20 / Allies) AmricanHistoryX: ok
(84:28 / Allies) AmricanHistoryX: wheres i mk
(84:35 / Allies) AmricanHistoryX: i c
(85:09 / Allies) High.Perch: jhack
(85:10 / Allies) High.Perch: buy tp
(85:11 / Allies) AmricanHistoryX: this is epic
(85:15 / Allies) AmricanHistoryX: k
(85:23 / Allies) High.Perch: buy buy buy
(85:31 / Allies) AmricanHistoryX: im buying over here
(85:35 / Allies) High.Perch: got a zep there erik?
(85:39 / Allies) High.Perch: or buy one at least?
(85:43 / Allies) k4o: wood?
(85:45 / Allies) High.Perch: o i see
(85:46 / Allies) High.Perch: okay
(85:48 / Allies) High.Perch: no you got one
(85:55 / Allies) High.Perch: sendin oj one home
(85:57 / Allies) High.Perch: for safety
(85:59 / Allies) k4o: k
(86:08 / Allies) High.Perch: bstorm
(86:08 / Allies) AmricanHistoryX: do i tp?
(86:12 / Allies) High.Perch: staf
(86:13 / Allies) k4o: comon jacl
(86:20 / Allies) High.Perch: gogo i heal
(86:28 / Allies) High.Perch: storm
(86:42 / Allies) High.Perch: next jack
(86:44 / Allies) High.Perch: just go around
(86:46 / Allies) High.Perch: transmuting
(86:48 / Allies) High.Perch: on mainland
(86:52 / Allies) High.Perch: smute and port if sh tc is there
(86:53 / Allies) AmricanHistoryX: okay
(87:04 / Allies) k4o: gotta tank up on mana
(87:07 / Allies) High.Perch: k
(87:27 / Allies) High.Perch: 6k left
(87:28 / Allies) High.Perch: nice
(87:38 / Allies) k4o: also we can own their heros if needed
(87:42 / Allies) High.Perch: erik scout what they getting
(87:45 / Allies) k4o: k
(87:46 / Allies) High.Perch: so we can counter
(87:47 / Allies) AmricanHistoryX: dryads
(87:50 / Allies) High.Perch: what else
(87:51 / Allies) AmricanHistoryX: there geting dryads
(87:56 / Allies) k4o: dryad, wind ryder I'm pretty sure
(88:02 / Allies) High.Perch: hmmm
(88:07 / Allies) High.Perch: no hard counter to that really
(88:14 / Allies) k4o: trasmute
(88:14 / Allies) High.Perch: just gotta hero craft
(88:17 / Allies) High.Perch: gonna retower
(88:20 / Allies) High.Perch: ya
(88:25 / Allies) k4o: tri hero counters everything!
(88:31 / Allies) High.Perch: go scout and transmute guys
(88:40 / Allies) High.Perch: buying shred fast
(89:01 / Allies) High.Perch: godspeed
(89:25 / Allies) High.Perch: carefullll
(89:50 / Allies) High.Perch: keeper
(90:00 / Allies) High.Perch: look for zeps
(90:32 / Allies) High.Perch: they are there
(90:37 / Allies) k4o: k
(91:00 / Allies) High.Perch: FROSTIE
(91:02 / Allies) High.Perch: eat
(91:21 / Allies) High.Perch: nono
(91:23 / Allies) High.Perch: too much
(91:25 / Allies) High.Perch: im ojut
(91:34 / Allies) High.Perch: zep coming for you
(91:38 / Allies) AmricanHistoryX: ty
(91:53 / Allies) High.Perch: ruuun
(92:06 / Allies) High.Perch: well, I was able to retower some
(92:09 / Allies) High.Perch: but no more lumber
(92:10 / Allies) High.Perch: damn them
(92:23 / Allies) k4o: they ignoring the top half of the map
(92:31 / Allies) k4o: I might be able to set yp a lumber camp
(92:35 / Allies) High.Perch: k
(92:50 / Allies) High.Perch: wtf
(92:56 / Allies) k4o: hm?
(93:02 / Allies) High.Perch: yessss
(93:14 / Allies) High.Perch: care
(93:16 / Allies) High.Perch: fight in towers
(93:18 / Allies) High.Perch: transmute
(94:02 / Allies) High.Perch: sh first
(94:13 / Allies) k4o: get the yads
(95:35 / All) AmricanHistoryX: GG
(95:36 / All) High.Perch: gggggg
(95:38 / All) High.Perch: gGGGG
(95:42 / All) k4o: gg
(95:42 / All) Sonic5: O
(95:43 / All) Sonic5: N
(95:43 / All) Sonic5: no
(95:43 / All) Sonic5: no
(95:43 / All) Sonic5: no
(95:44 / All) Sonic5: no
(95:44 / All) Sonic5: no
(95:44 / All) Sonic5: NONO
(95:49 / All) AmricanHistoryX: bg?